 Seeded DCSS version 0.30.1-4-g462c640d31 (webtiles) character file.

Game seed: 15660985446129201502 (custom seed)

1173 AccursedSamuel the Carver (level 8, 0/46 (49) HPs)
             Began as a Tengu Monk on Sept 14, 2023.
             Slain by a wight
             ... wielding a +3 falchion
              (5 damage)
             ... on level 6 of the Dungeon.
             The game lasted 00:09:15 (5507 turns).

AccursedSamuel the Carver (Tengu Monk)              Turns: 5507, Time: 00:09:17

HP:   0/46 (49)     AC: 15    Str: 11 (14) XL:     8   Next: 41%
MP:   3/3           EV:  8    Int: 10 (11) God:
Gold: 364           SH:  0    Dex: 14 (16) Spells: 7/7 levels left

rFire   . . .        e - +6 great sword "Loc Jael" {antimagic, rElec rN+}
rCold   + . .        (shield currently unavailable)
rNeg    + . .        u - +3 chain mail {rC+}
rPois   .            (helmet restricted)
rElec   +            (no cloak)
rCorr   .            (no gloves)
SInv    .            (boots unavailable)
Will    .....        (no amulet) Stlth
                     o - +4 ring of protection
HPRegen 0.27/turn    (no ring)
MPRegen 0.08/turn

%: no passive effects
@: flying quickly and evasively, drained, quick
A: beak, talons 3, nimble flight
a: no special abilities


You were on level 6 of the Dungeon.
You visited 1 branch of the dungeon, and saw 6 of its levels.

You collected 364 gold pieces.

Inventory:

Hand Weapons
 e - the +6 great sword "Loc Jael" (weapon) {antimagic, rElec rN+}
   (You acquired it on level 1 of the Dungeon)

   rElec:     It insulates you from electricity.
   rN:        It protects you from negative energy.
Armour
 d - an orb of light
 u - a +3 chain mail of cold resistance (worn)
Jewellery
 o - a +4 ring of protection (left hand)
Wands
 t - a wand of iceblast (2)
Scrolls
 a - 3 scrolls of identify
 f - 6 scrolls of teleportation
 j - a scroll of enchant armour
 q - a scroll of fog
 r - a scroll of blinking
Potions
 b - 2 potions of haste {unknown}
 c - a potion of ambrosia
 g - 2 potions of lignification {unknown}
 h - a potion of attraction
 i - a potion of brilliance {unknown}
 n - a potion of magic


   Skills:
 + Level 5.0 Fighting
 + Level 8.9 Long Blades
 + Level 1.8 Armour
 + Level 5.0 Dodging
 + Level 2.2 Stealth


You had 7 spell levels left.
You didn't know any spells.
Your spell library contained the following spells:

 Spells                   Type           Power      Damage    Failure   Level
 Cigotuvi's Dreadful Rot  Necr/Pois/Air  0%         N/A       100%        2
 Lesser Beckoning         Tloc           0%         N/A       100%        2
 Gell's Gravitas          Tloc           0%         N/A       100%        3
 Ignite Poison            Fire/Tmut/Pois 0%         N/A       100%        3
 Teleport Other           Tloc           0%         N/A       100%        3
 Dispel Undead            Necr           0%         3d6       100%        4
 Sticky Flame             Conj/Fire      0%         2d3       100%        4
 Death Channel            Necr           0%         N/A       100%        6
 Ignition                 Fire           0%         3d3       100%        8


Dungeon Overview and Level Annotations

Branches:
Dungeon (6/15)
 Temple: D:4-7

Altars:
Elyvilon
Ru
Wu Jian

Annotations:
D:2 1 runed translucent door, Crazy Yiuf


Innate Abilities, Weirdness & Mutations

You have a beak for a mouth.
You have claws for feet.
Your magical nature lets you fly swiftly and evasively.


Message History

The ogre barely misses you. The wight hits you but does no damage.
You slice the ogre!!
The ogre is heavily wounded.
The wight hits you with a +3 falchion. You partially resist.
You feel drained. The wight hits you but does no damage.
You barely miss the ogre. You claw the ogre.
The ogre is severely wounded.
The ogre hits you with a +0 giant club! The wight barely misses you. x2
You slash the ogre!
You kill the ogre!
The wight hits you with a +3 war axe.
* * * LOW HITPOINT WARNING * * *
You partially resist.
You feel drained.
* * * LOW HITPOINT WARNING * * *
The wight hits you with a +3 falchion.
* * * LOW HITPOINT WARNING * * *
The wight closely misses you. The wight hits you with a +3 falchion.
* * * LOW HITPOINT WARNING * * *
You partially resist.
You feel drained.
Your Fighting skill increases to level 5!
You closely miss the wight. You claw the wight, but do no damage.
The wight closely misses you. x2
Hit: e) +6 great sword "Loc Jael" {antimagic, rElec rN+}
Press: ? - help, Dir - move target, f - wight
Aim: a wight, wielding a +3 war axe and wearing a +0 robe (about 34% to evade the +6 great sword "Loc Jael")
You slash the wight! You claw the wight, but do no damage.
The wight is heavily damaged.
The wight closely misses you. x2
You slash the wight! Your kick misses the wight. Your peck misses the wight.
The wight is severely damaged.
The wight hits you with a +3 war axe.
* * * LOW HITPOINT WARNING * * *
The wight closely misses you.
Hit: e) +6 great sword "Loc Jael" {antimagic, rElec rN+}
Press: ? - help, Dir - move target, f/p - wight
Aim: a wight, wielding a +3 war axe and wearing a +0 robe (heavily damaged, about 34% to evade the +6 great sword "Loc Jael")
You slash the wight!
You destroy the wight!
The wight hits you with a +3 falchion.
You die...

......# ......#
......# .....####
##.......#
........#
#.......#
#[....)@#
#.....z)# .$.
#.......# ...
#.......# .... .
#.<.....# .....
..#.......##.....
.................
............#####.
#.....#.....$.#


You could see a wight.

Vanquished Creatures
  Sigmund (D:4)
  Edmund (D:5)
  2 ogres
  2 scorpions
  A wight (D:6)
  2 hounds
  3 quasits (D:5)
  3 orc priests
  3 iguanas
  Jessica (D:2)
  A sleepcap (D:5)
  Ijyb (D:4)
  3 adders
  4 shadow imps
  2 white imps (D:5)
  5 ufetubi
  A worm (D:4)
  4 dart slugs
  10 orcs
  9 endoplasms
  2 giant cockroaches (D:2)
  8 goblins
  9 hobgoblins
  6 kobolds
  6 quokkas
  6 ball pythons
  3 bats
  7 frilled lizards
  8 rats
  A spectral kobold (D:2)
115 creatures vanquished.

Notes
Turn   | Place    | Note
-------+----------+-------------------------------------------
     0 | D:1      | AccursedSamuel the Tengu Monk began the quest for the Orb.
     0 | D:1      | Reached XP level 1. HP: 14/14 MP: 2/2
    75 | D:1      | Reached XP level 2. HP: 13/19 MP: 3/3
   140 | D:1      | Identified a scroll of acquirement
   140 | D:1      | Acquired the +6 great sword "Loc Jael" {antimagic, rElec
                  | rN+}
   457 | D:1      | Reached XP level 3. HP: 23/23 MP: 1/4
   982 | D:2      | Reached skill level 4 in Long Blades
   985 | D:2      | Found a faded altar of an unknown god.
  1053 | D:2      | Found a runed translucent door.
  1054 | D:2      | Noticed Crazy Yiuf
  1331 | D:2      | Noticed Jessica
  1335 | D:2      | Killed Jessica
  1336 | D:2      | Reached XP level 4. HP: 25/28 MP: 1/5
  1792 | D:3      | HP: 1/28 [orc priest/+0 hand axe (7)]
  1795 | D:3      | Reached skill level 5 in Long Blades
  1795 | D:3      | Gained mutation: Your magical nature lets you fly swiftly
                  | and evasively. [Tengu growth]
  1795 | D:3      | Reached XP level 5. HP: 2/32 MP: 2/6
  1995 | D:3      | Found an ornate altar of the Wu Jian Council.
  2852 | D:4      | Reached skill level 6 in Long Blades
  2852 | D:4      | Reached skill level 1 in Stealth
  2852 | D:4      | Reached XP level 6. HP: 17/38 MP: 2/7
  3409 | D:4      | Noticed Sigmund
  3413 | D:4      | Noticed Ijyb
  3423 | D:4      | Killed Sigmund
  3424 | D:4      | Reached skill level 7 in Long Blades
  3424 | D:4      | Reached XP level 7. HP: 43/43 MP: 2/8
  3433 | D:4      | Killed Ijyb
  3940 | D:5      | Entered Level 5 of the Dungeon
  3945 | D:5      | Noticed Edmund
  3954 | D:5      | Killed Edmund
  4005 | D:5      | Reached skill level 8 in Long Blades
  4327 | D:5      | Reached XP level 8. HP: 23/48 MP: 3/9
  4447 | D:5      | Found a white marble altar of Elyvilon.
  4463 | D:5      | Found a sacrificial altar of Ru.
  4521 | D:5      | Reached skill level 1 in Armour
  4690 | D:5      | Reached skill level 5 in Dodging
  5504 | D:6      | Reached skill level 5 in Fighting
  5507 | D:6      | Slain by a wight

Illustrated notes

Levels and vault maps discovered:
D:1:      minmay_arrival_pointy, layout_loops_ring, minmay_gold_behind_fungi
D:2:      layout_basic, dreamdust_ecumenical_altar_drowned_temple,
          hangedman_decor_clover_reticule, fountainhead,
          uniq_crazy_yiuf_cottage, uniq_jessica
D:3:      layout_loops_ring, general_overflow_altar, serial_bayou_pond_d
D:4:      layout_basic, nicolae_eternal_life, uniq_ijyb, uniq_sigmund
D:5:      layout_layer_cave, mainiacjoe_overflow_small_starburst,
          elyvilon_altar_1, serial_demonic, serial_demonic_e, serial_demonic_b,
          serial_demonic_e, serial_demonic_a, serial_demonic_e,
          serial_demonic_e, serial_demonic_g, serial_demonic_a,
          serial_demonic_d, serial_demonic_g, uniq_edmund
D:6:      layout_basic, nicolae_uskayaw_suspiria, ebering_ghost_rock_garden,
          minivault_22, uniq_menkaure

Skill      XL: |  1  2  3  4  5  6  7  8 |
---------------+-------------------------+-----
Long Blades    | 4 5 6 7 8 |  8.9
Dodging        | 4 5 |  5.0
Stealth        | 1 2 |  2.2
Fighting       | 4 5 |  5.0
Armour         | 1 |  1.8

Action                     |  1- 3 |  4- 6 |  7- 9 || total
---------------------------+-------+-------+-------++-------
  Melee: Falchion          |    13 |       |       ||    13
         Kick              |     9 |    14 |    21 ||    44
         Great sword       |    50 |    69 |    84 ||   203
         Peck              |     3 |     7 |     6 ||    16
    Use: Scroll            |     1 |       |     7 ||     8
         Potion            |       |       |     6 ||     6
   Stab: Sleeping          |       |     2 |     2 ||     4
 Armour: Robe              |    23 |     5 |     2 ||    30
         Chain mail        |       |       |    88 ||    88
  Dodge: Dodged            |    85 |    65 |    88 ||   238
